 Dungeon Crawl Stone Soup version 0.28-a0-1506-g3893175d92 (webtiles) character file.

Game seed: 4928447018579399423

156 HallandMoats the Skirmisher (level 5, -8/46 HPs)
             Began as a Ghoul Fighter on Jan 14, 2022.
             Was a Believer of Lugonu.
             Killed by divine providence
             ... invoked by an orc priest
              (12 damage)
             ... on level 3 of the Dungeon.
             The game lasted 00:02:31 (2481 turns).

HallandMoats the Skirmisher (Ghoul Fighter)         Turns: 2481, Time: 00:02:32

Health: -8/46      AC:  6    Str: 20    XL:     5   Next: 38%
Magic:  4/4        EV:  9    Int:  5    God:    Lugonu [**....]
Gold:   82         SH:  4    Dex:  8    Spells: 4/4 levels left

rFire   . . .      SeeInvis .   b - +1 short sword (protect)
rCold   + . .      Faith    .   c - +0 buckler
rNeg    + + +      Spirit   .   e - +0 scale mail
rPois   ∞          Reflect  .   (no helmet)
rElec   .          Harm     .   (no cloak)
rCorr   .          Rampage  .   (no gloves)
Will    .....                   (no boots)
Stlth   ..........              (no amulet)
HPRegen 0.00/turn               (no ring)
MPRegen 0.09/turn               (no ring)

@: inhibited regen, studying Maces & Flails
A: claws 1, cold resistance 1, negative energy resistance 3, inhibited
regeneration, torment resistance 2
a: Renounce Religion, Depart the Abyss, Bend Space


You were on level 3 of the Dungeon.
You worshipped Lugonu.
Lugonu was pleased with you.
You visited 1 branch of the dungeon, and saw 3 of its levels.

You collected 82 gold pieces.

Inventory:

Hand Weapons
 a - a +0 long sword
 b - a +1 short sword of protection (weapon)
Armour
 c - a +0 buckler (worn)
 e - a +0 scale mail (worn)
Wands
 k - a wand of polymorph (13)
Scrolls
 f - a scroll of holy word {unknown}
 g - a scroll of vulnerability {unknown}
 h - 2 scrolls of identify {unknown}
 i - 2 scrolls of immolation {unknown}
 j - a scroll of brand weapon {unknown}
 m - a scroll of acquirement {unknown}
 n - a scroll of silence {unknown}
Potions
 d - a potion of might
 l - a potion of mutation {unknown}


   Skills:
 + Level 3.9 Fighting
 + Level 2.6 Long Blades
 + Level 3.2 Armour
 + Level 1.4 Dodging
 * Level 3.7 Shields


You had 4 spell levels left.
You didn't know any spells.
Your spell library contained the following spells:

 Spells                   Type           Power      Damage    Failure   Level
 Shock                    Conj/Air       0%         1d3       89%         1
 Swiftness                Air            0%         N/A       99%         3
 Tukima's Dance           Hex            0%         N/A       99%         3
 Airstrike                Air            0%         N/A       100%        4
 Anguish                  Hex/Necr       0%         N/A       100%        4
 Enfeeble                 Hex            0%         N/A       100%        7


Dungeon Overview and Level Annotations

Branches:
Dungeon (3/15)

Altars:
Lugonu


Innate Abilities, Weirdness & Mutations

You thrive by killing the living.
You are immune to poison.
You have sharp fingernails.
Your flesh is cold resistant. (rC+)
You are immune to negative energy. (rN+++)
You do not regenerate when monsters are visible.
You are immune to unholy pain and torment.


Message History

The bat hits you but does no damage. The jackal completely misses you.
The bat completely misses you.
The jackal bites you but does no damage.
You closely miss the bat. The bat hits you but does no damage.
You block the jackal's attack.
The jackal bites you but does no damage.
The bat hits you but does no damage. The orc closely misses you.
The jackal bites you but does no damage.
You block the bat's attack. The bat closely misses you.
You block the orc priest's attack.
You miss the bat. The bat hits you but does no damage. The jackal bites you.
The orc hits you with a +0 club.
* * * LOW HITPOINT WARNING * * *
The orc priest hits you but does no damage.
The jackal bites you but does no damage. x2
The bat barely misses you. The jackal bites you.
* * * LOW HITPOINT WARNING * * *
You block the bat's attack.
The jackal bites you but does no damage.
The bat hits you but does no damage. The jackal closely misses you.
You completely miss the bat. The bat barely misses you.
The orc closely misses you. The jackal bites you.
* * * LOW HITPOINT WARNING * * *
The bat hits you but does no damage.
The jackal bites you but does no damage.
You open the door. The bat closely misses you. The jackal bites you.
* * * LOW HITPOINT WARNING * * *
The orc closely misses you.
You closely miss the bat. The bat barely misses you.
You block the bat's attack. The jackal bites you.
* * * LOW HITPOINT WARNING * * *
The orc hits you but does no damage. The jackal closely misses you.
You block the jackal's attack. The bat hits you but does no damage.
The orc hits you with a +0 club.
* * * LOW HITPOINT WARNING * * *
The bat hits you.
* * * LOW HITPOINT WARNING * * *
The orc priest invokes the aid of Beogh against you.
Beogh smites you!
You die...

########.##.#
#......#.##.#
#.####.#)##.### #.#
#...<##...##########
#.###..#......##.......#
#......#......##.......#
##
######.#.##...##.......#
#. #.#......##.......#
#.
####.###.#@###.......#
#.
#.........hbo........#
#.
#.##.......hS........#
#.
#.##.....#..o........#
#.
#...)..###...........#
#.
######'###...........#
#. #................#
#.. #.........####.###
#.. #...†.....# #.# #..


You could see an orc priest, an adder, an orc, 2 jackals and a bat.

Vanquished Creatures
  An orc wizard (D:3)
  4 gnolls (D:2)
  3 adders
  A worm (D:2)
  2 dart slugs (D:1)
  4 orcs (D:3)
  6 ball pythons
  3 bats
  3 endoplasms (D:1)
  4 giant cockroaches
  5 goblins
  4 hobgoblins
  2 jackals (D:3)
  4 kobolds
  3 quokkas (D:1)
  5 rats
54 creatures vanquished.

Notes
Turn   | Place    | Note
-------+----------+-------------------------------------------
     0 | D:1      | HallandMoats the Ghoul Fighter began the quest for the Orb.
     0 | D:1      | Reached XP level 1. HP: 19/19 MP: 0/0
    84 | D:1      | Reached XP level 2. HP: 12/26 MP: 1/1
   441 | D:1      | Reached XP level 3. HP: 25/31 MP: 2/2
   525 | D:1      | Found a faded altar of an unknown god.
   552 | D:1      | Prayed at the altar of an unknown god.
   552 | D:1      | Became a worshipper of Lugonu the Unformed
   552 | D:1      | Reached * piety under Lugonu
   552 | D:1      | Reached ** piety under Lugonu
  1450 | D:2      | Reached skill level 1 in Dodging
  1450 | D:2      | Reached XP level 4. HP: 35/40 MP: 3/3
  2014 | D:2      | Reached XP level 5. HP: 44/46 MP: 4/4
  2481 | D:3      | Killed from afar by an orc priest

Illustrated notes

Levels and vault maps discovered:
D:1:      lemuel_arrival_cross, layout_loops_ring, serial_rivers,
          chequers_serial_rivers_small_a, chequers_serial_rivers_marsh,
          chequers_serial_rivers_room_b, chequers_serial_rivers_room_a,
          chequers_serial_rivers_room_b, shapermc_ecumenical_altar_totnotflames
D:2:      layout_loops_corners, nrook_loot_triangle, minmay_distorted
D:3:      layout_basic, minmay_misc_feat_enclosed, uniq_grinder

Skill      XL: |  1  2  3 |
---------------+----------+-----
Long Blades    | 2 |  2.6
Shields        | 3 |  3.7
Armour         | 3 |  3.2
Dodging        | 1 |  1.4
Fighting       | |  3.9

Action                   |  1- 3 |  4- 6 || total
-------------------------+-------+-------++-------
Melee: Long sword        |    34 |       ||    34
       Short sword       |    73 |   127 ||   200
Armor: Scale mail        |    55 |    69 ||   124
Dodge: Dodged            |    49 |    66 ||   115
Block: Buckler           |    18 |    26 ||    44

Table legend: (Time is in decaauts)
 A = Elapsed time spent in this place.
 B = Non-inter-level travel time spent in this place.
 C = Inter-level travel time spent in this place.
 D = Time resting spent in this place.
 E = Time spent auto-exploring this place.
 F = Levels seen in this place.
 G = Mean time per level.
                   A        B        C        D        E       F      G
               +--------+--------+--------+--------+--------+-----+--------+
         Total |   2516 |   2484 |     32 |    250 |   1759 |   3 |  838.7 |
       Dungeon |   2516 |   2484 |     32 |    250 |   1759 |   3 |  838.7 |
               +--------+--------+--------+--------+--------+-----+--------+

Top non-repeatable levels by time:
     D:2: 1150 daAuts
     D:1: 1063 daAuts
     D:3: 301 daAuts
